 Dungeon Crawl Stone Soup version 0.26-a0-613-g4f23886233 (webtiles) character file.

Game seed: 3989539639706856771

249 Gottschkopf the Skirmisher (level 5, -7/82 HPs)
             Began as a Troll Berserker on Sept 11, 2020.
             Was a Priest of Trog.
             Killed from afar by an orc wizard (8 damage)
             ... with a magic dart
             ... on level 3 of the Dungeon.
             The game lasted 00:05:39 (1954 turns).

Gottschkopf the Skirmisher (Troll Berserker)        Turns: 1954, Time: 00:05:39

Health: -7/82      AC:  6    Str: 26    XL:     5   Next: 86%
Magic:  4/4        EV: 10    Int:  3    God:    Trog [***...]
Gold:   244        SH:  0    Dex:  9    Spells: 4/4 levels left

rFire    . . .     SeeInvis .   q - +0 giant spiked club
rCold    . . .     Faith    .   (shield currently unavailable)
rNeg     . . .     Spirit   .   a - +0 animal skin
rPois    .         Reflect  .   (helmet restricted)
rElec    .         Harm     .   (no cloak)
rCorr    .                      (gloves unavailable)
MR       .....                  (boots unavailable)
Stlth    ..........             h - amulet of the acrobat
HPRegen  0.63/turn              (no ring)
MPRegen  0.09/turn              (no ring)

@: confused, berserking, flying, very quick
A: large, unfitting armour, claws 3, regeneration 1, shaggy fur 1, tough skin 3
a: Berserk, Trog's Hand, Renounce Religion


You were on level 3 of the Dungeon.
You worshipped Trog.
Trog was most pleased with you.
You visited 1 branch of the dungeon, and saw 3 of its levels.

You collected 244 gold pieces.

Inventory:

Hand Weapons
 f - a +3 spear
 l - a +0 long sword of holy wrath
 q - a +0 giant spiked club (weapon)
Armour
 a - a +0 animal skin (worn)
 n - a +0 kite shield
Jewellery
 h - an amulet of the acrobat (around neck)
Scrolls
 c - 2 scrolls of teleportation {unknown}
 d - 6 scrolls of identify {unknown}
 g - 2 scrolls of remove curse {unknown}
 p - a scroll of enchant armour {unknown}
Potions
 b - a potion of resistance {unknown}
 e - a potion of ambrosia {unknown}
 i - 2 potions of flight
 j - a potion of mutation {unknown}
 k - a potion of stabbing {unknown}
 m - a potion of haste {unknown}
 o - a potion of might {unknown}


   Skills:
 - Level 4.8 Fighting
 + Level 1.2 Maces & Flails
 - Level 2.4 Dodging
 - Level 4.0 Unarmed Combat


You had 4 spell levels left.
You didn't know any spells.
Your spell library was empty.

Dungeon Overview and Level Annotations

Branches:
Dungeon (3/15)

Altars:
Nemelex Xobeh


Innate Abilities, Weirdness & Mutations

You are too large for most types of armour.
You have claws for hands.
Your natural rate of healing is unusually fast.
You are covered in fur. (AC +1)
You have extremely tough skin. (AC +3)


Message History

You hear some strange, mumbled words.
A puff of flame appears from out of thin air!
The puff of flame hits you.
* * * LOW HITPOINT WARNING * * *
You miss something. The kobold hits you.
* * * LOW HITPOINT WARNING * * *
You hear some strange, mumbled words.
A magic dart appears from out of thin air!
The magic dart hits you.
* * * LOW HITPOINT WARNING * * *
The orc barely misses you. The kobold hits you.
* * * LOW HITPOINT WARNING * * *
You closely miss something.
You hear some strange, mumbled words.
You are confused.
The orc closely misses you. The kobold hits you but does no damage.
You hear some strange, mumbled words.
A magic dart appears from out of thin air!
The magic dart hits you!
You die...

#.##.........# #.##.##.#.#...
#.##.##.#.###. ...# #.........#
#. #...# ####.###### #.
#...############.# #.
#....)†).l..(....# ######.
######...###o#{##.##### #......
.##...........†K@##.#######......
....†.÷..........##.#...........#
#...<).........##.#.#####.....#
######.........##.....# #.....#
#...###......#.#.# #######
#...##......##.#.#
#÷..##.##.#.##.#.#########
#...##.##......#..........
##.###.####.#..<....#.##.#


You could see an orc, a kobold and a frilled lizard.

Vanquished Creatures
  Jessica (D:2)
  Natasha (thrice) (D:2)
  An orc wizard (D:3)
  3 adders (D:2)
  An adder skeleton (D:3)
  2 worms (D:2)
  2 dart slugs (D:1)
  3 leopard geckos
  2 orcs (D:3)
  2 ball pythons
  3 giant cockroaches
  7 goblins
  14 hobgoblins
  4 jackals
  2 quokkas (D:3)
  10 bats
  A frilled lizard (D:2)
  12 kobolds
  7 rats
80 creatures vanquished.

Notes
Turn   | Place    | Note
-------+----------+-------------------------------------------
     0 | D:1      | Gottschkopf the Troll Berserker began the quest for the
                  | Orb.
     0 | D:1      | Reached XP level 1. HP: 22/22 MP: 0/0
   227 | D:1      | Reached XP level 2. HP: 29/29 MP: 1/1
   526 | D:1      | Reached XP level 3. HP: 36/36 MP: 2/2
   796 | D:2      | Noticed Jessica
   804 | D:2      | Killed Jessica
   907 | D:2      | Noticed Natasha
   911 | D:2      | Killed Natasha
   911 | D:2      | Reached XP level 4. HP: 43/46 MP: 3/3
  1180 | D:2      | Reached ** piety under Trog
  1248 | D:2      | Noticed Natasha
  1252 | D:2      | Killed Natasha
  1252 | D:2      | Reached XP level 5. HP: 54/54 MP: 4/4
  1400 | D:2      | Noticed Natasha
  1414 | D:2      | Killed Natasha
  1698 | D:3      | Found a sparkling altar of Nemelex Xobeh.
  1939 | D:3      | Reached skill level 1 in Maces & Flails
  1943 | D:3      | Reached *** piety under Trog
  1953 | D:3      | HP: 3/82 [something/magic dart (4)]
  1953 | D:3      | HP: 1/82 [kobold (2)]
  1954 | D:3      | Killed from afar by an orc wizard

Illustrated notes

Levels and vault maps discovered:
D:1:      denvon_arrival_planthouse, layout_basic
D:2:      layout_loops_corners, uniq_jessica, uniq_natasha
D:3:      layout_loops_cross, old_standard_altar, kennysheep_slug_shrine

Skill      XL: |  1  2  3  4  5 |
---------------+----------------+-----
Unarmed Combat | 4 |  4.0
Fighting       | 3 4 |  4.8
Maces & Flails | 1 |  1.2
Dodging        | |  2.4

Action                   |  1- 3 |  4- 6 || total
-------------------------+-------+-------++-------
Melee: Unarmed           |    18 |       ||    18
       Spear             |    40 |   136 ||   176
       Punch             |     1 |       ||     1
       Giant spiked club |       |    17 ||    17
Invok: Berserk           |       |     1 ||     1
  Use: Potion            |       |     1 ||     1
 Stab: Sleeping          |     1 |     1 ||     2
Armor: Animal skin       |    20 |    51 ||    71
Dodge: Dodged            |    21 |    73 ||    94
Block: Kite shield       |       |    35 ||    35

Table legend: (Time is in decaauts)
 A = Elapsed time spent in this place.
 B = Non-inter-level travel time spent in this place.
 C = Inter-level travel time spent in this place.
 D = Time resting spent in this place.
 E = Time spent auto-exploring this place.
 F = Levels seen in this place.
 G = Mean time per level.
                   A        B        C        D        E       F      G
               +--------+--------+--------+--------+--------+-----+--------+
         Total |   2014 |   1970 |     44 |      0 |   1482 |   3 |  671.3 |
       Dungeon |   2014 |   1970 |     44 |      0 |   1482 |   3 |  671.3 |
               +--------+--------+--------+--------+--------+-----+--------+

Top non-repeatable levels by time:
     D:2: 952 daAuts
     D:1: 741 daAuts
     D:3: 319 daAuts
